 Dungeon Crawl Stone Soup version 0.27.0-1-g7a089689b8 (webtiles) character file.

Game seed: 2569241193357851196

5773 Kinoniko the Slicer (level 10, -9/70 HPs)
             Began as a Demonspawn Berserker on Aug 6, 2021.
             Was a High Priest of Trog.
             Killed by divine providence
             ... invoked by an orc priest
              (13 damage)
             ... on level 9 of the Dungeon.
             The game lasted 00:10:32 (10362 turns).

Kinoniko the Slicer (Demonspawn Berserker)         Turns: 10362, Time: 00:10:33

Health: -9/70      AC: 12    Str: 20    XL:     10   Next: 49%
Magic:  0/10       EV:  8    Int:  9    God:    Trog [*****.]
Gold:   889        SH:  8    Dex: 13    Spells: 9/9 levels left

rFire    + + .     SeeInvis .   v - +2 scimitar (freeze)
rCold    . . .     Faith    .   (no shield)
rNeg     . . .     Spirit   +   z - +2 chain mail {rF+}
rPois    +         Reflect  .   (helmet restricted)
rElec    .         Harm     .   (no cloak)
rCorr    .         Rampage  .   (no gloves)
Will     .....                  m - +1 pair of boots
Stlth    ..........             (no amulet)
HPRegen  0.21/turn              l - ring of protection from fire
MPRegen  0.24/turn              p - ring of poison resistance

@: mighty, on berserk cooldown, slowed, very slow
A: antennae 1, large bone plates 1, magic shield, magic regeneration,
condensation shield
a: Renounce Religion, Berserk, Trog's Hand, Brothers in Arms


You were on level 9 of the Dungeon.
You worshipped Trog.
Trog was extremely pleased with you.
You visited 1 branch of the dungeon, and saw 9 of its levels.

You collected 889 gold pieces.

Inventory:

Hand Weapons
 a - a +0 hand axe
 e - a +1 short sword of venom
 j - a +4 great sword
 v - a +2 scimitar of freezing (weapon)
Missiles
 u - 5 throwing nets (quivered)
Armour
 h - a +0 ring mail
 m - a +1 pair of boots (worn)
 z - a +2 chain mail of fire resistance (worn)
Jewellery
 l - a ring of protection from fire (left hand)
 n - a ring of protection from fire
 p - a ring of poison resistance (right hand)
 x - a ring of positive energy
Scrolls
 g - 2 scrolls of holy word
 i - a scroll of blinking
 y - a scroll of teleportation
 A - 3 scrolls of identify
Potions
 b - 2 potions of lignification
 c - 2 potions of curing
 d - a potion of magic {unknown}
 f - 2 potions of brilliance {unknown}
 k - a potion of flight {unknown}
 o - a potion of attraction {unknown}
 q - a potion of degeneration
 r - 3 potions of might
 s - a potion of ambrosia {unknown}
 t - 3 potions of heal wounds {unknown}
 w - 2 potions of cancellation {unknown}


   Skills:
 - Level 3.0 Fighting
 - Level 10.9(12.1) Short Blades
 * Level 8.8(11.1) Long Blades
 - Level 3.6 Axes
 - Level 1.7 Armour
 + Level 2.5 Dodging


You had 9 spell levels left.
You didn't know any spells.
Your spell library was empty.

Dungeon Overview and Level Annotations

Branches:
Dungeon (9/15)             Temple (0/1) D:5
   Lair: D:8-11         Orc: D:9-12

Altars:
Ashenzari
Elyvilon
Ru
Sif Muna
Wu Jian
Yredelemnul

Shops:
D:4 !   D:5 (   D:6 !   D:8 [


Innate Abilities, Weirdness & Mutations

You have a pair of small antennae on your head.
You are partially covered in large bone plates. (SH +4)
When hurt, damage is shared between your health and your magic reserves.
You regenerate magic rapidly.
A meltable shield of frost defends you. (SH +4)


Message History

You are too injured to fight recklessly!
You are too injured to fight recklessly!
You are too injured to fight recklessly!
You are too injured to fight recklessly!
You are too injured to fight recklessly!
You are too injured to fight recklessly!
You are too injured to fight recklessly!
You are too injured to fight recklessly!
You are too injured to fight recklessly!
You are too injured to fight recklessly!
It was a potion of might.
You feel very mighty all of a sudden. The ogre barely misses you.
The orc warrior hits you but does no damage.
You block the orc warrior's attack. The ogre barely misses you.
You closely miss the ogre.
The ogre is severely wounded.
The orc warrior hits you from afar with a +0 halberd.
You slice the ogre!! You freeze the ogre.
You kill the ogre!
Trog accepts your kill.
The orc warrior hits you from afar with a +0 halberd.
Your life force feels restored.
Unknown command.
You block the orc warrior's attack. The orc warrior closely misses you.
You hit the orc warrior. You freeze the orc warrior.
The orc warrior is lightly wounded.
The orc warrior closely misses you.
You barely miss the orc warrior.
The orc warrior is lightly wounded.
The orc warrior hits you with a +0 halberd!
* * * LOW HITPOINT WARNING * * *
The orc warrior hits you with a +0 halberd!
* * * LOW HITPOINT WARNING * * *
You slash the orc warrior! You freeze the orc warrior.
The orc warrior is severely wounded.
The orc priest invokes the aid of Beogh against you.
Beogh smites you!
You die...

#. .#.... #. ..#....
#.##########..#....
#............##....
#............#.....
#............#.....
##........#####.....
#.........#.<.......
###@###...####'###..
#o# #....).....+..
o#. #....).)...#..
.. .##..........#..
.#. .##..........#
#.#. ###..........#
# ## #...........)
#.............
#........(....


You could see an orc warrior and an orc priest.

Vanquished Creatures
  Harold (D:7)
  Sigmund (D:5)
  4 yaks (D:5)
  A steam dragon (D:7)
  2 water moccasins
  3 black bears
  3 orc warriors
  2 necrophages
  A sky beast (D:4)
  7 ogres
  3 phantoms
  2 kobold brigands (D:8)
  A scorpion (D:4)
  3 bullfrogs
  A gnoll sergeant (D:6)
  A water moccasin zombie (D:5)
  A wyvern skeleton (D:7)
  3 killer bees (D:9)
  14 wights
  A howler monkey (D:4)
  A bullfrog zombie (D:5)
  3 centaur zombies
  2 orc priests (D:7)
  2 hounds (D:6)
  A bullfrog skeleton (D:5)
  5 iguanas
  13 orc wizards
  A hound zombie (D:4)
  A hound skeleton (D:4)
  4 howler monkey skeletons
  4 adders
  5 gnolls
  A shadow imp (D:4)
  A white imp (D:8)
  An adder skeleton (D:4)
  3 worms
  A dart slug (D:5)
  31 orcs
  8 endoplasms
  5 giant cockroaches
  6 hobgoblins
  12 jackals
  3 quokkas
  12 ball pythons
  3 bats
  6 frilled lizards
  7 goblins
  20 kobolds
  5 rats
222 creatures vanquished.

Vanquished Creatures (others)
  An orc wizard (D:6)
1 creature vanquished.

Grand Total: 223 creatures vanquished

Notes
Turn   | Place    | Note
-------+----------+-------------------------------------------
     0 | D:1      | Kinoniko the Demonspawn Berserker began the quest for the
                  | Orb.
     0 | D:1      | Reached XP level 1. HP: 18/18 MP: 1/1
    79 | D:1      | Gained mutation: A meltable shield of frost defends you.
                  | (SH +4) [demonic ancestry]
    79 | D:1      | Reached XP level 2. HP: 2/24 MP: 2/2
   708 | D:1      | Reached XP level 3. HP: 27/29 MP: 3/3
   749 | D:1      | Reached skill level 1 in Short Blades
   771 | D:1      | Reached ** piety under Trog
  1240 | D:1      | Found a faded altar of an unknown god.
  1944 | D:2      | Noticed a necrophage
  1955 | D:2      | Killed a necrophage
  1956 | D:2      | Reached skill level 3 in Short Blades
  1956 | D:2      | Gained mutation: You are partially covered in large bone
                  | plates. (SH +4) [demonic ancestry]
  1956 | D:2      | Reached XP level 4. HP: 35/35 MP: 4/4
  1956 | D:2      | Reached XP level 5. HP: 41/41 MP: 5/5
  2825 | D:3      | Noticed an ogre
  2836 | D:3      | Killed an ogre
  2837 | D:3      | Reached skill level 4 in Short Blades
  3036 | D:3      | Gained mutation: You have a pair of small antennae on your
                  | head. [demonic ancestry]
  3036 | D:3      | Reached XP level 6. HP: 47/47 MP: 6/6
  3179 | D:3      | Found a broken altar of Ashenzari.
  3422 | D:4      | Reached skill level 5 in Short Blades
  3598 | D:4      | Reached skill level 6 in Short Blades
  3598 | D:4      | Gained mutation: You regenerate magic rapidly. [demonic
                  | ancestry]
  3598 | D:4      | Reached XP level 7. HP: 52/52 MP: 7/7
  4104 | D:4      | Reached skill level 7 in Short Blades
  4413 | D:4      | Found Xoohoup's Distillery.
  4709 | D:4      | Reached skill level 8 in Short Blades
  4824 | D:4      | Reached *** piety under Trog
  4825 | D:4      | Reached XP level 8. HP: 44/58 MP: 8/8
  5277 | D:5      | Entered Level 5 of the Dungeon
  5277 | D:5      | Found Feataxui's Weapon Shoppe.
  5331 | D:5      | Reached skill level 9 in Short Blades
  5405 | D:5      | Reached skill level 10 in Short Blades
  5661 | D:5      | Noticed Sigmund
  5678 | D:5      | Killed Sigmund
  5679 | D:5      | Reached XP level 9. HP: 63/63 MP: 9/9
  5756 | D:5      | Found a staircase to the Ecumenical Temple.
  6207 | D:6      | Reached **** piety under Trog
  6290 | D:6      | Found Arraol's Distillery.
  6337 | D:6      | Reached skill level 1 in Long Blades
  7582 | D:6      | Found a basalt altar of Yredelemnul.
  7991 | D:7      | Reached skill level 5 in Long Blades
  8402 | D:7      | Noticed Harold
  8419 | D:7      | Killed Harold
  8420 | D:7      | Gained mutation: When hurt, damage is shared between your
                  | health and your magic reserves. [demonic ancestry]
  8420 | D:7      | Reached XP level 10. HP: 70/70 MP: 10/10
  9215 | D:8      | Found a sacrificial altar of Ru.
  9220 | D:8      | Reached ***** piety under Trog
  9906 | D:8      | Found Niggoc's Armour Emporium.
 10114 | D:8      | Found a shimmering blue altar of Sif Muna.
 10140 | D:8      | Found an ornate altar of the Wu Jian Council.
 10326 | D:9      | Identified a scroll of acquirement
 10326 | D:9      | Acquired 457 gold pieces
 10362 | D:9      | Killed from afar by an orc priest

Illustrated notes

Levels and vault maps discovered:
D:1:      lightli_arrival_noodles, layout_basic,
          dreamdust_ecumenical_altar_statues, grunt_decor_one_mirror,
          minmay_tromino_v2
D:2:      kennysheep_big_flooded_room, layout_basic, corner_web_ring
D:3:      layout_rooms, ashenzari_conservatory_becter
D:4:      minmay_octagon_keep, layout_layer_cave, serial_shops,
          nicolae_shop_statue_plus, minivault_4
D:5:      layout_rooms, minmay_temple_entry_glass, serial_shops,
          nicolae_shop_competitors_out_of_business, minmay_crystal_room,
          uniq_sigmund
D:6:      layout_basic, kennysheep_ying_yang, serial_shops, shop,
          minmay_misc_feat_rugged
D:7:      layout_rooms, uniq_harold
D:8:      layout_layer_cave, mainiacjoe_overflow_two_lobes,
          nicolae_ru_great_annihilating_truth, serial_shops, kennysheep_mini
D:9:      layout_irregular_city, mainiacjoe_overflow_tiny_flanked, erik_orc_3,
          enter_bailey_3, eino_tiny_chamber, uniq_maurice

Skill      XL: |  1  2  3  4  5  6  7  8  9 10 |
---------------+-------------------------------+-----
Axes           | 3 |  3.6
Short Blades   | 3 4 6 8 10 | 10.9
Long Blades    | 7 8 |  8.8
Dodging        | 2 |  2.5
Fighting       | |  3.0
Armour         | |  1.7

Action                   |  1- 3 |  4- 6 |  7- 9 | 10-12 || total
-------------------------+-------+-------+-------+-------++-------
Melee: Hand axe          |    20 |       |       |       ||    20
       Short sword       |    61 |   122 |   466 |       ||   649
       Scimitar          |       |       |    24 |   137 ||   161
Invok: Berserk           |     2 |     5 |    15 |     4 ||    26
  Use: Scroll            |       |     5 |     5 |     3 ||    13
       Potion            |       |       |     3 |     1 ||     4
 Stab: Sleeping          |     2 |       |       |       ||     2
       Paralysed         |       |       |       |     1 ||     1
Armor: Animal skin       |     7 |       |       |       ||     7
       Ring mail         |     6 |    19 |    82 |     1 ||   108
       Skin              |       |       |    13 |       ||    13
       Chain mail        |       |       |       |    40 ||    40
Dodge: Dodged            |    41 |    44 |   127 |    28 ||   240
Block: Other             |     6 |    34 |   113 |    42 ||   195
       Rpst.: Scimitar   |       |       |     1 |     8 ||     9
